SAA
HUNTINGTON BEACH SURF @ PAYNESVILLE PYRAMIDS
06/15/2019
 
TOP OF THE 1ST
Huntington Beach Surf batting - Pitching for Paynesville Pyramids : RHP Severiano Duclos
Pitching: RHP Severiano Duclos
Batting: RHB Warner Robinson 0-0: Ball
1-0: Foul Ball, location: 2F
1-1: Foul Ball, location: 2F
1-2: Foul Ball, location: 2F
1-2: Ball
2-2: Ball
3-2: Strikes out swinging
Batting: RHB Albert Morales 0-0: Called Strike
0-1: Swinging Strike
0-2: SINGLE (Groundball, 56D)
Batting: LHB Bartolo Benítez 0-0: Called Strike
0-1: Swinging Strike
0-2: Strikes out swinging
Batting: RHB Juan García 0-0: Ball
1-0: Called Strike
1-1: Foul Ball, location: 2F
1-2: Fielders Choice at 2nd, 5-4 (Groundball, 5)
Top of the 1st over - 0 run(s), 1 hit(s), 0 error(s), 0 left on base; Huntington Beach 0 - Paynesville 0
BOTTOM OF THE 1ST
Paynesville Pyramids batting - Pitching for Huntington Beach Surf : LHP José Castaneda
Pitching: LHP José Castaneda
Batting: RHB Bob Curry 0-0: SINGLE (Groundball, 34D)
Batting: SHB Evan Adams 0-0: Called Strike
0-1: Ball
1-1: Ball
2-1: Ball
3-1: Called Strike
3-2: Fly out, F9 (Line Drive, 9LM)
Batting: RHB Jason Dunn 0-0: Ball
1-0: Ball
2-0: Ball
3-0: Called Strike
3-1: Foul Ball, location: 2F
3-2: SINGLE (Groundball, 4MD) (infield hit)
Bob Curry to second
Batting: LHB Thatcher Douglas 0-0: Called Strike
0-1: Ball
1-1: Called Strike
Bob Curry steals 3rd base
1-2: Fly out, F7 (Flyball, 7S)
Batting: LHB Greg Robinson 0-0: Ball
1-0: Ball
2-0: Called Strike
2-1: Fly out, F7 (Flyball, 78M)
Bottom of the 1st over - 0 run(s), 2 hit(s), 0 error(s), 2 left on base; Huntington Beach 0 - Paynesville 0
TOP OF THE 2ND
Huntington Beach Surf batting - Pitching for Paynesville Pyramids : RHP Severiano Duclos
Batting: LHB Terry Johnson 0-0: Called Strike
0-1: Ball
1-1: Ball
2-1: Called Strike
2-2: Foul Ball, location: 2F
2-2: Ball
3-2: Foul Ball, location: 2F
3-2: Strikes out swinging
Batting: RHB Dave Young 0-0: Called Strike
0-1: Ball
1-1: Ball
2-1: Fly out, F3 (Popup, 3S)
Batting: RHB Rafael Abreu 0-0: Ball
1-0: Ball
2-0: Foul Ball, location: 2F
2-1: Ground out 5-3 (Groundball, 5S)
Top of the 2nd over - 0 run(s), 0 hit(s), 0 error(s), 0 left on base; Huntington Beach 0 - Paynesville 0
BOTTOM OF THE 2ND
Paynesville Pyramids batting - Pitching for Huntington Beach Surf : LHP José Castaneda
Batting: RHB Máximo Padilla 0-0: Called Strike
0-1: Foul Ball, location: 2F
0-2: Ball
1-2: SINGLE (Line Drive, 8LS)
Batting: RHB Frank Church 0-0: Swinging Strike
0-1: Grounds into double play, 4-6-3 (Groundball, 4)
Batting: SHB Don Holmes 0-0: Swinging Strike
0-1: Swinging Strike
0-2: Fly out, F2 (Popup, 2RF)
Bottom of the 2nd over - 0 run(s), 1 hit(s), 0 error(s), 0 left on base; Huntington Beach 0 - Paynesville 0
TOP OF THE 3RD
Huntington Beach Surf batting - Pitching for Paynesville Pyramids : RHP Severiano Duclos
Batting: RHB Mike Burns 0-0: Ground out 6-3 (Groundball, 6)
Batting: RHB Phil Baker 0-0: Ball
1-0: Swinging Strike
1-1: Foul Ball, location: 2F
1-2: Strikes out swinging
Batting: RHB Warner Robinson 0-0: Swinging Strike
0-1: Swinging Strike
0-2: Strikes out looking
Top of the 3rd over - 0 run(s), 0 hit(s), 0 error(s), 0 left on base; Huntington Beach 0 - Paynesville 0
BOTTOM OF THE 3RD
Paynesville Pyramids batting - Pitching for Huntington Beach Surf : LHP José Castaneda
Batting: RHB William Williams 0-0: Foul Ball, location: 2F
0-1: Fly out, F9 (Flyball, 9S)
Batting: RHB Bob Curry 0-0: Ball
1-0: Swinging Strike
1-1: Swinging Strike
1-2: Strikes out looking
Batting: SHB Evan Adams 0-0: Swinging Strike
0-1: Ball
1-1: Ball
2-1: Called Strike
2-2: SINGLE (Line Drive, 89S)
Pitching: RHP Pat Pérez
Batting: RHB Jason Dunn 0-0: Ball
1-0: Ball
2-0: Foul Ball, location: 2F
2-1: Foul Ball, location: 2F
2-2: Ball
3-2: Strikes out looking
Bottom of the 3rd over - 0 run(s), 1 hit(s), 0 error(s), 1 left on base; Huntington Beach 0 - Paynesville 0
TOP OF THE 4TH
Huntington Beach Surf batting - Pitching for Paynesville Pyramids : RHP Severiano Duclos
Batting: RHB Albert Morales 0-0: Called Strike
0-1: Called Strike
0-2: Strikes out looking
Batting: LHB Bartolo Benítez 0-0: Ball
1-0: SINGLE (Groundball, 6M)
Batting: RHB Juan García Pickoff Throw to First - Error! E1
Bartolo Benítez to second
0-0: Called Strike
0-1: Ground out 6-3 (Groundball, 6)
Batting: LHB Terry Johnson 0-0: Fly out, F8 (Flyball, 8LM)
Top of the 4th over - 0 run(s), 1 hit(s), 1 error(s), 1 left on base; Huntington Beach 0 - Paynesville 0
BOTTOM OF THE 4TH
Paynesville Pyramids batting - Pitching for Huntington Beach Surf : RHP Pat Pérez
Batting: LHB Thatcher Douglas 0-0: Ball
1-0: Ball
2-0: Fly out, F6 (Popup, 6D)
Batting: LHB Greg Robinson 0-0: Called Strike
0-1: Ball
1-1: Ball
2-1: Fly out, F7 (Flyball, 78D)
Batting: RHB Máximo Padilla 0-0: Ball
1-0: Fly out, F6 (Popup, 6D)
Bottom of the 4th over - 0 run(s), 0 hit(s), 0 error(s), 0 left on base; Huntington Beach 0 - Paynesville 0
TOP OF THE 5TH
Huntington Beach Surf batting - Pitching for Paynesville Pyramids : RHP Severiano Duclos
Batting: RHB Dave Young 0-0: Called Strike
0-1: Swinging Strike
0-2: Ball
1-2: Strikes out swinging
Batting: RHB Rafael Abreu 0-0: Called Strike
0-1: Ball
1-1: Swinging Strike
1-2: Ball
2-2: Ball
3-2: Ground out 5-3 (Groundball, 56)
Batting: RHB Mike Burns 0-0: Ball
1-0: Ball
2-0: Ball
3-0: Base on Balls
Batting: RHB Phil Baker 0-0: Ball
1-0: Ball
2-0: Foul Ball, location: 2F
2-1: Fly out, F8 (Popup, 8LS)
Top of the 5th over - 0 run(s), 0 hit(s), 0 error(s), 1 left on base; Huntington Beach 0 - Paynesville 0
BOTTOM OF THE 5TH
Paynesville Pyramids batting - Pitching for Huntington Beach Surf : RHP Pat Pérez
Batting: RHB Frank Church 0-0: Swinging Strike
0-1: Ball
1-1: Called Strike
1-2: Ball
2-2: Ball
3-2: Foul Ball, location: 2F
3-2: Foul Ball, location: 2F
3-2: Base on Balls
Batting: SHB Don Holmes 0-0: Ball
1-0: Ball
2-0: Bunt missed!
2-1: Sac Bunt - play at first, batter OUT! 5-4
Frank Church to second
Batting: RHB William Williams 0-0: Fly out, F8 (Line Drive, 8LM)
Batting: RHB Bob Curry 0-0: DOUBLE (Line Drive, 3L)
Frank Church scores
Batting: SHB Evan Adams 0-0: Ball
1-0: Ground out 5-3 (Groundball, 5)
Bottom of the 5th over - 1 run(s), 1 hit(s), 0 error(s), 1 left on base; Huntington Beach 0 - Paynesville 1
TOP OF THE 6TH
Huntington Beach Surf batting - Pitching for Paynesville Pyramids : RHP Severiano Duclos
Batting: RHB Warner Robinson 0-0: Called Strike
0-1: Ball
1-1: Called Strike
1-2: Ball
2-2: Foul Ball, location: 2F
2-2: Ball
3-2: Foul Ball, location: 2F
3-2: Strikes out swinging
Batting: RHB Albert Morales 0-0: Called Strike
0-1: Ball
1-1: Called Strike
1-2: Foul Ball, location: 2F
1-2: Ground out 4-3 (Groundball, 4)
Batting: LHB Bartolo Benítez 0-0: Ball
1-0: Foul Ball, location: 2F
1-1: Ball
2-1: Ball
3-1: Ground out U3 (Groundball, 3S)
Top of the 6th over - 0 run(s), 0 hit(s), 0 error(s), 0 left on base; Huntington Beach 0 - Paynesville 1
BOTTOM OF THE 6TH
Paynesville Pyramids batting - Pitching for Huntington Beach Surf : RHP Pat Pérez
Batting: RHB Jason Dunn 0-0: Called Strike
0-1: Called Strike
0-2: Foul Ball, location: 2F
0-2: Foul Ball, location: 2F
0-2: Foul Ball, location: 2F
0-2: Strikes out looking
Batting: LHB Thatcher Douglas 0-0: Called Strike
0-1: Foul Ball, location: 2F
0-2: Strikes out swinging
Batting: LHB Greg Robinson 0-0: Called Strike
0-1: Ball
1-1: Swinging Strike
1-2: Foul Ball, location: 2F
1-2: Ball
2-2: Strikes out swinging
Bottom of the 6th over - 0 run(s), 0 hit(s), 0 error(s), 0 left on base; Huntington Beach 0 - Paynesville 1
TOP OF THE 7TH
Huntington Beach Surf batting - Pitching for Paynesville Pyramids : RHP Severiano Duclos
Batting: RHB Juan García 0-0: Ball
1-0: Foul Ball, location: 2F
1-1: Fly out, F7 (Flyball, 7M)
Batting: LHB Terry Johnson 0-0: Called Strike
0-1: Swinging Strike
0-2: Fly out, F9 (Flyball, 9M)
Batting: RHB Dave Young 0-0: Foul Ball, location: 2F
0-1: Ball
1-1: Called Strike
1-2: Fly out, F9 (Flyball, 9M)
Top of the 7th over - 0 run(s), 0 hit(s), 0 error(s), 0 left on base; Huntington Beach 0 - Paynesville 1
BOTTOM OF THE 7TH
Paynesville Pyramids batting - Pitching for Huntington Beach Surf : RHP Pat Pérez
Pitching: RHP Anthony Snyder
Batting: RHB Máximo Padilla 0-0: Ball
1-0: Called Strike
1-1: Foul Ball, location: 2F
1-2: Strikes out swinging
Batting: RHB Frank Church 0-0: Called Strike
0-1: Ground out 5-3 (Groundball, 56S)
Batting: SHB Don Holmes 0-0: Fly out, F8 (Flyball, 8RM)
Bottom of the 7th over - 0 run(s), 0 hit(s), 0 error(s), 0 left on base; Huntington Beach 0 - Paynesville 1
TOP OF THE 8TH
Huntington Beach Surf batting - Pitching for Paynesville Pyramids : RHP Severiano Duclos
Batting: RHB Rafael Abreu 0-0: Called Strike
0-1: Ball
1-1: Ground out 6-3 (Groundball, 6)
Batting: RHB Mike Burns 0-0: Called Strike
0-1: Ground out 6-3 (Groundball, 6M)
Batting: RHB Phil Baker 0-0: Ball
1-0: Foul Ball, location: 2F
1-1: Foul Ball, location: 2F
1-2: Foul Ball, location: 2F
1-2: Foul Ball, location: 2F
1-2: Ground out 5-3 (Groundball, 56)
Top of the 8th over - 0 run(s), 0 hit(s), 0 error(s), 0 left on base; Huntington Beach 0 - Paynesville 1
BOTTOM OF THE 8TH
Paynesville Pyramids batting - Pitching for Huntington Beach Surf : RHP Anthony Snyder
Batting: RHB William Williams 0-0: Ball
1-0: Ball
2-0: Called Strike
2-1: Ball
3-1: Base on Balls
Batting: RHB Bob Curry 0-0: Bunted foul
0-1: Bunt missed!
0-2: Ball
1-2: Ground out 5-3 (Groundball, 5)
William Williams to second
Pinch Hitting: LHB Jim Unknown 0-0: Intentional Walk
Batting: RHB Jason Dunn 0-0: Ball
1-0: Ball
2-0: Called Strike
2-1: Foul Ball, location: 2F
2-2: Ball
3-2: SINGLE (Groundball, 5D)
William Williams to third
Jim Unknown to second
Batting: LHB Thatcher Douglas 0-0: Ball
1-0: SINGLE (Groundball, 4M)
William Williams scores
Jim Unknown to third
Jason Dunn to second
Runner from 3rd tries for Home, SAFE, throw made home
Pitching: LHP Jeffrey Brown
Batting: LHB Greg Robinson 0-0: Called Strike
0-1: Foul Ball, location: 2F
0-2: Ball
Wild Pitch!
Jason Dunn to third
Thatcher Douglas to second
1-2: Ground out 3-1 (Groundball, 34S)
Batting: RHB Máximo Padilla 0-0: Ball
1-0: SINGLE (Line Drive, 8RS)
Jason Dunn scores
Thatcher Douglas to third
Runner from 3rd tries for Home, SAFE, throw made home
Batting: RHB Frank Church 0-0: Foul Ball, location: 2F
0-1: Ball
1-1: Swinging Strike
1-2: Strikes out swinging
Bottom of the 8th over - 4 run(s), 3 hit(s), 0 error(s), 1 left on base; Huntington Beach 0 - Paynesville 5
TOP OF THE 9TH
Huntington Beach Surf batting - Pitching for Paynesville Pyramids : RHP Severiano Duclos
Pitching: RHP Jim Unknown
Now at 3B: Chris Teague
Batting: RHB Warner Robinson 0-0: Called Strike
0-1: Ball
1-1: Ball
2-1: Ball
3-1: Ground out 1-3 (Groundball, 13S)
Batting: RHB Albert Morales 0-0: Called Strike
0-1: SINGLE (Groundball, 56D)
Batting: LHB Bartolo Benítez 0-0: Ball
1-0: Foul Ball, location: 2F
1-1: Grounds into double play, 6-4-3 (Groundball, 6)
Top of the 9th over - 0 run(s), 1 hit(s), 0 error(s), 0 left on base; Huntington Beach 0 - Paynesville 5
This league is powered by Out of the Park Baseball, the baseball management simulation game for PC, Mac and Linux
Saturday, July 25th, 2015 - OOTP Baseball 15.6 Build 34